 Dungeon Crawl Stone Soup version 0.31.0-32-g396128a36d (webtiles) character file.

Game seed: 12286925447846030051

340 aracne12 the Conjurer (level 6, -4/36 HPs)
             Began as an Octopode Conjurer on Apr 23, 2024.
             Slain by a gnoll sergeant
             ... wielding a +3 trident of venom
              (11 damage)
             ... on level 5 of the Dungeon.
             The game lasted 00:06:13 (4265 turns).

aracne12 the Conjurer (Octopode Conjurer)           Turns: 4265, Time: 00:06:13

Health: -4/36      AC:  1    Str:  9    XL:     6   Next: 56%
Magic:  15/21      EV: 13    Int: 22    God:
Gold:   207        SH:  0    Dex: 10    Spells: 6/13 levels left

rFire   + . .        h - +1 short sword (elec)
rCold   + . .        (no shield)
rNeg    . . .        (helmet restricted)
rPois   .            (no amulet)
rElec   .            o - ring of Elyvilon's Indignation {rF+ rC+ MP+9 Str+2}
rCorr   .            (no ring)
SInv    .            (no ring)
Will    .....        (no ring)
Stlth   +++          (no ring)
HPRegen 0.26/turn    (no ring)
MPRegen 0.17/turn    (no ring)
                     (no ring)

%: no passive effects
@: lethally poisoned (-4 -> -20)
A: almost no armour, amphibious, 8 rings, camouflage 1, gelatinous body 1,
(nimble swimmer 1), tentacles
a: no special abilities


You were on level 5 of the Dungeon.
You visited 1 branch of the dungeon, and saw 5 of its levels.

You collected 207 gold pieces.

Inventory:

Hand Weapons
 d - a +0 dagger
 h - a +1 short sword of electrocution (weapon)
Jewellery
 o - the ring of Elyvilon's Indignation (left tentacle) {rF+ rC+ MP+9 Str+2}
   (You found it on level 4 of the Dungeon)

   [ring of protection from fire]

   Str+2:     It affects your strength (+2).
   rF+:       It protects you from fire.
   rC+:       It protects you from cold.
   MP+9:      It affects your magic capacity (+9).
 q - a ring of resist corrosion
Scrolls
 b - 4 scrolls of identify {unknown}
 c - a scroll of summoning {unknown}
 f - 2 scrolls of teleportation {unknown}
 g - a scroll of amnesia {unknown}
 j - a scroll of enchant armour {unknown}
 k - a scroll of fog {unknown}
 n - 2 scrolls of revelation {unknown}
Potions
 a - a potion of magic
 e - 2 potions of heal wounds
 i - a potion of brilliance {unknown}
 l - a potion of lignification {unknown}
 m - a potion of mutation {unknown}
 p - a potion of curing {unknown}


   Skills:
 - Level 2.0 Dodging
 - Level 2.6 Stealth
 * Level 4.1 Spellcasting
 * Level 5.6 Conjurations
 * Level 3.0 Alchemy


You had 6 spell levels left.
You knew the following spells:

 Your Spells              Type           Power      Damage    Failure   Level
a - Magic Dart            Conj           100%       1d8       1%          1
b - Searing Ray           Conj           58%        2d6       1%          2
c - Fulminant Prism       Conj/Alch      11%        3d8       19%         4

Your spell library contained the following spells:

 Spells                   Type           Power      Damage    Failure   Level
 Sting                    Conj/Alch      92%        1d8       1%          1
 Foxfire                  Conj/Fire      68%        2x1d7     3%          1
 Mercury Vapours          Alch/Air       22%        N/A       9%          2
 Olgreb's Toxic Radiance  Alch           18%        N/A       30%         4
 Gell's Gravitas          Tloc           4%         N/A       32%         3
 Teleport Other           Tloc           4%         N/A       32%         3
 Iskenderun's Mystic Bla  Conj/Tloc      17%        2d5       34%         4
 Starburst                Conj/Fire      8%         6d4       99%         6
 Dispersal                Tloc           2%         N/A       100%        6
 Plasma Beam              Fire/Air       2%         2x1d12    100%        6


Dungeon Overview and Level Annotations

Branches:
Dungeon (5/15)
 Temple: D:4-7

Altars:
Kikubaaqudgha


Innate Abilities, Weirdness & Mutations

You cannot wear most types of armour.
You are amphibious.
You can wear up to eight rings at the same time.
Your skin changes colour to match your surroundings (Stealth+).
Your rubbery body absorbs attacks. (AC +1, EV +1)
((You are camouflaged when in or above water. (Stealth+)))
You have tentacles for arms and can constrict up to eight enemies at once.


Message History

A gnoll sergeant comes into view. It is wielding a +3 trident of venom.
Found 13 gold pieces.
A gnoll sergeant is nearby!
A gnoll sergeant is nearby!
Aiming: Searing Ray (safe; 1% risk of failure)
Press: ? - help, Q - select action, (/) - cycle Shift-Dir - straight line, f - gnoll sergeant
Aim: a gnoll sergeant, wielding a +3 trident of venom and wearing a +0 scale mail (asleep, 100% to hit)
The searing ray hits the gnoll sergeant.
The gnoll sergeant is lightly wounded.
The gnoll sergeant shouts! (Press . to maintain the ray.)
You hear a shout! x2
Restarting spell: Searing Ray (safe; 1% risk of failure)
Press: ? - help, Q - select action, (/) - cycle Shift-Dir - straight line, f/p - gnoll sergeant
Aim: a gnoll sergeant, wielding a +3 trident of venom and wearing a +0 scale mail (lightly wounded, 85% to hit)
The searing ray hits the gnoll sergeant!
The gnoll sergeant is moderately wounded. (Press . to maintain the ray.)
The searing ray hits the gnoll sergeant!
The gnoll sergeant is severely wounded.
An orc comes into view. It is wielding a +0 dagger.
The gnoll sergeant barely misses you.
The searing ray hits the gnoll sergeant.
The gnoll sergeant is severely wounded.
A bombardier beetle comes into view.
The gnoll sergeant hits you from afar with a +3 trident of venom!
You are poisoned.
The searing ray hits the gnoll sergeant.
The gnoll sergeant is almost dead.
You finish channelling your searing ray.
You feel very sick.
The gnoll sergeant hits you from afar with a +3 trident of venom.
You are lethally poisoned!
You feel very sick. The gnoll sergeant closely misses you.
An orc priest comes into view. It is wielding a +0 mace.
* * * LOW HITPOINT WARNING * * *
You feel very sick.
The gnoll sergeant hits you from afar with a +3 trident of venom!
You die...

#....+ #....#
#....#
####....#+##
###....##....#
#....#..#....+
#....#..#.<..#
#....+..#....#
##@###..#....#
#.oBg..#
#..###....
#..o#.... ....
....# $.
#.........
....# #.####.
....# #. .#
##... #. . ..
.


You could see a gnoll sergeant, a bombardier beetle, an orc priest and an orc.

Vanquished Creatures
  A vampire bat (D:4)
  4 hounds (D:4)
  3 gnolls (D:3)
  5 adders
  5 dart slugs
  A ribbon worm (D:3)
  6 orcs (D:4)
  2 ball pythons (D:2)
  4 bat skeletons (D:4)
  3 bat zombies (D:4)
  13 endoplasms
  5 giant cockroaches
  4 goblins
  2 hobgoblins
  4 jackals (D:4)
  4 quokkas
  6 bats
  6 frilled lizards
  4 kobolds
  3 rats (D:1)
85 creatures vanquished.

Notes
Turn   | Place    | Note
-------+----------+-------------------------------------------
     0 | D:1      | aracne12 the Octopode Conjurer began the quest for the Orb.
     0 | D:1      | Reached XP level 1. HP: 11/11 MP: 3/3
   152 | D:1      | Reached XP level 2. HP: 17/17 MP: 1/5
   209 | D:1      | Learned a level 2 spell: Searing Ray
   594 | D:1      | You fall into a shaft and drop 1 floor!
   682 | D:2      | Reached XP level 3. HP: 21/21 MP: 2/6
  1343 | D:2      | Reached XP level 4. HP: 27/27 MP: 8/8
  1367 | D:2      | Learned a level 4 spell: Fulminant Prism
  1987 | D:3      | Reached skill level 1 in Alchemy
  1991 | D:3      | Reached skill level 5 in Conjurations
  2203 | D:3      | Found a faded altar of an unknown god.
  2221 | D:3      | Reached XP level 5. HP: 29/31 MP: 7/10
  2901 | D:4      | Found an ancient bone altar of Kikubaaqudgha.
  3272 | D:4      | Reached XP level 6. HP: 32/36 MP: 3/11
  3427 | D:4      | Identified the ring of Elyvilon's Indignation {rF+ rC+ MP+9
                  | Str+2}
  4245 | D:5      | Entered Level 5 of the Dungeon
  4265 | D:5      | Slain by a gnoll sergeant

Illustrated notes

Levels and vault maps discovered:
D:1:      lightli_arrival_chessboard, layout_rooms, bh_walls_and_bars
D:2:      layout_loops_ring
D:3:      layout_loops_cross, ebering_ecumenical_altar_petrified
D:4:      layout_basic, kennysheep_vampire_church, minmay_vboxes
D:5:      layout_gridville, nicolae_overflow_hidden_temple, minmay_circle_x,
          uniq_blork_the_orc

Skill      XL: |  1  2  3  4  5  6 |
---------------+-------------------+-----
Spellcasting   | 3 4 |  4.1
Alchemy        | 1 2 3 |  3.0
Conjurations   | 5 |  5.6
Dodging        | |  2.0
Stealth        | |  2.6

Action                     |  1- 3 |  4- 6 || total
---------------------------+-------+-------++-------
  Melee: Unarmed           |     9 |       ||     9
         Constrict         |     9 |     4 ||    13
         Tentacles         |     3 |     2 ||     5
         Dagger            |    23 |     2 ||    25
         Punch             |     1 |       ||     1
         Short sword       |       |    15 ||    15
   Cast: Magic Dart        |    44 |    73 ||   117
         Searing Ray       |     2 |    18 ||    20
    Use: Potion            |       |     1 ||     1
   Stab: Sleeping          |       |     1 ||     1
 Armour: Skin              |    12 |    25 ||    37
  Dodge: Dodged            |    22 |    19 ||    41
